 Dungeon Crawl Stone Soup version 0.31-a0-472-g43a2ca8e1b (webtiles) character file.

Game seed: 7819254980217705965

21 Ethylacetat the Changeling (level 2, -2/18 HPs)
             Began as an Octopode Shapeshifter on Aug 6, 2023.
             Slain by Sigmund
             ... wielding a +0 scythe
              (12 damage)
             ... on level 2 of the Dungeon.
             The game lasted 00:02:53 (716 turns).

Ethylacetat the Changeling (Octopode Shapeshifter)   Turns: 716, Time: 00:02:53

Health: -2/18      AC:  1    Str: 14    XL:     2   Next: 83%
Magic:  2/2        EV: 13    Int: 10    God:
Gold:   13         SH:  0    Dex: 12    Spells: 1/1 levels left

rFire   . .          .
                       - Unarmed
rCold   . . .        (no shield)
rNeg    . . .        (helmet currently unavailable)
rPois   .            (no amulet)
rElec   .            (no ring)
rCorr   .            (no ring)
SInv    .            (no ring)
Will    .....        (no ring)
Stlth   ++           (no ring)
HPRegen 0.23/turn    (no ring)
MPRegen 0.08/turn    (no ring)
                     (no ring)

%: no passive effects
@: beast-form, attractive
A: beast (slay +2), almost no armour, amphibious, 8 rings, camouflage 1,
gelatinous body 1, (nimble swimmer 1), tentacles
a: Begin Untransformation


You were on level 2 of the Dungeon.
You were a hulking beast.
You visited 1 branch of the dungeon, and saw 2 of its levels.

You collected 13 gold pieces.

Inventory:

Talismans
 b - a beast talisman (active)
Scrolls
 c - 2 scrolls of vulnerability {unknown}
 d - 3 scrolls of noise {unknown}
 h - a scroll of teleportation {unknown}
 i - a scroll of identify {unknown}
 j - a scroll of torment {unknown}
Potions
 a - a potion of lignification
 f - a potion of brilliance {unknown}
 g - a potion of resistance {unknown}
 k - a potion of curing {unknown}


   Skills:
 + Level 1.5 Fighting
 - Level 2.0 Dodging
 + Level 3.2 Unarmed Combat
 * Level 3.3 Shapeshifting


You had one spell level left.
You didn't know any spells.
Your spell library contained the following spells:

 Spells                   Type           Power      Damage    Failure   Level
 Blink                    Tloc           0%         N/A       50%         2
 Lesser Beckoning         Tloc           0%         N/A       50%         2
 Momentum Strike          Conj/Tloc      0%         3d8       50%         2


Dungeon Overview and Level Annotations

Branches:
Dungeon (2/15)

Altars:

Annotations:
D:2 Sigmund


Innate Abilities, Weirdness & Mutations

You are a hulking beast.
Your limbs bulge with bestial killing power. (Slay +2)
You cannot wear most types of armour.
You are amphibious.
You can wear up to eight rings at the same time.
Your skin changes colour to match your surroundings (Stealth+).
Your rubbery body absorbs attacks. (AC +1, EV +1)
((You are camouflaged when in or above water. (Stealth+)))
You have tentacles for arms and can constrict up to eight enemies at once.


Message History

No target in view!
You see here a bat corpse.
k - a golden potion
d - 3 scrolls labelled GAQA TEULI (gained 1) Sigmund and an adder come into view.
You tentacle-slap the adder. Your grab misses the adder.
The adder is heavily wounded.
Sigmund shouts!
The adder bites you.
You tentacle-slap the adder but do no damage.
Your grab misses the adder.
The adder is heavily wounded.
The adder barely misses you. The adder bites you.
You tentacle-slap the adder but do no damage.
You grab the adder. You tentacle-slap the adder. You squeeze the adder.
You kill the adder!
Sigmund points at you and mumbles some strange words.
The magic dart hits you.
Unknown command.
Okay, then.
Attack: -) Tentacles
Press: ? - help, Dir - move target, f - you
Okay, then.
It was a potion of attraction.
You feel attractive to monsters. Sigmund is attracted toward you.
You tentacle-slap Sigmund. Your grab misses Sigmund.
Sigmund is lightly wounded.
Sigmund hits you with a +0 scythe.
You tentacle-slap Sigmund. Your grab misses Sigmund.
Your squeeze misses Sigmund.
Sigmund is moderately wounded.
You tentacle-slap Sigmund. You grab Sigmund.
Sigmund is moderately wounded.
You constrict Sigmund. Sigmund misses you.
You tentacle-slap Sigmund.
Sigmund is moderately wounded.
You constrict Sigmund. Sigmund hits you with a +0 scythe!
Ouch! That really hurt!
You die...

#.# ##.##
##...####
##.......+
#.....####
#.##.##
#.#### #.#
#h# #.@.#
#.ยง.#
#....
#.#..# #.
..# #. ..#
## #.#


You could see Sigmund.

Vanquished Creatures
  An adder (D:2)
  A ball python (D:2)
  2 bats
  2 endoplasms (D:1)
  A giant cockroach (D:1)
  A frilled lizard (D:1)
  A goblin (D:1)
  3 rats (D:1)
12 creatures vanquished.

Notes
Turn   | Place    | Note
-------+----------+-------------------------------------------
     0 | D:1      | Ethylacetat the Octopode Shapeshifter began the quest for
                  | the Orb.
     0 | D:1      | Reached XP level 1. HP: 13/13 MP: 1/1
   372 | D:1      | Reached XP level 2. HP: 18/18 MP: 2/2
   706 | D:2      | Noticed Sigmund
   716 | D:2      | Slain by Sigmund

Illustrated notes

Levels and vault maps discovered:
D:1:      wander_arrival_peaceful_grave, layout_loops_ring
D:2:      layout_loops_corners, uniq_sigmund, uniq_terence

Action                     || total
---------------------------++-------
  Melee: Unarmed           ||    23
         Tentacles         ||     4
         Constrict         ||     3
         Punch             ||     2
    Use: Potion            ||     1
   Stab: Sleeping          ||     4
 Armour: Skin              ||     1
  Dodge: Dodged            ||     8

Table legend: (Time is in decaauts)
 A = Elapsed time spent in this place.
 B = Non-inter-level travel time spent in this place.
 C = Inter-level travel time spent in this place.
 D = Time resting spent in this place.
 E = Time spent auto-exploring this place.
 F = Levels seen in this place.
 G = Mean time per level.
                   A        B        C        D        E       F      G
               +--------+--------+--------+--------+--------+-----+--------+
         Total |    714 |    690 |     24 |      0 |    609 |   2 |  357.0 |
       Dungeon |    714 |    690 |     24 |      0 |    609 |   2 |  357.0 |
               +--------+--------+--------+--------+--------+-----+--------+

Top non-repeatable levels by time:
     D:1: 640 daAuts
     D:2: 73 daAuts
